[Event "Early-Titled-Tuesday-Blitz-September-05-2023"]
[Site "Chess.com"]
[Date "2023.09.05"]
[Round "2"]
[White "Goi_Manne"]
[Black "NelsonLinda"]
[Result "1/2-1/2"]
[WhiteElo "2299"]
[BlackElo "2496"]
[TimeControl "180+1"]
[EndTime "8:16:31 PDT"]
[Termination "Game drawn by agreement"]

1. e4 g6 2. d4 Nf6 3. Nc3 d5 4. e5 Ne4 5. Nxe4 dxe4 6. Be3 c5 7. c3 Nc6 8. Bb5 cxd4 9. Bxc6+ bxc6 10. cxd4 Bg7 11.
Qd2 O-O 12. Ne2 c5 13. O-O cxd4 14. Qxd4 Ba6 15. Rfe1 Qxd4 16. Bxd4 Rfd8 17. Bc3 f5 18. exf6 exf6 19. Nf4 Bb7 20. Ne6 Rd6 21. Nxg7 Kxg7 22.
Rad1 Rad8 23. Rxd6 Rxd6 24. a4 Kf7 25. a5 Rd3 26.
Re3 Rd1+ 27. Re1 Rd3 28. Re3 Rd5 29. Rxe4 Rxa5 30. Bxa5 Bxe4 31. f3 Bc6 32. Kf2 Ke6 33. g3 Kd5 34. f4 Ke4 35. Bc3 f5 36. h4 Kd3 37. Bf6 a5 38. Bc3 a4 39. Bf6 Be4 40.
Bg7 Kd2 41. Bf8 Kc2 42. Bg7 Kb3 43. Bf6 Bb1 44. Bg7 Ba2 45. Bf6 Kc2 46. Ke3 Bb3 1/2-1/2

[Event "Early-Titled-Tuesday-Blitz-September-05-2023"]
[Site "Chess.com"]
[Date "2023.09.05"]
[Round "2"]
[White "hansen"]
[Black "KChor05TTV"]
[Result "0-1"]
[WhiteElo "2862"]
[BlackElo "2613"]
[TimeControl "180+1"]
[EndTime "8:16:32 PDT"]
[Termination "KChor05TTV won by checkmate"]

1. b3 Nf6 2. Bb2 e6 3. Nf3 Be7 4. c4 O-O 5. e3 c5 6. Be2 b6 7.
d4 cxd4 8. Nxd4 Bb7 9. Bf3 Nc6 10. Nc3 Rb8 11. Nde2 d5 12. cxd5 Ne5 13. Nf4 Nxf3+ 14.
gxf3 e5 15. Nd3 Nxd5 16. Nxe5 Bb4 17. Qd4 Rc8 18. Rc1 Bxc3+ 19. Rxc3 Nxc3 20. Nd7 Qxd7 21. Qxd7 Rcd8 22. Qxd8 Rxd8 23. Bxc3 Bxf3 24. Rg1 Rd1# 0-1

[Event "Early-Titled-Tuesday-Blitz-September-05-2023"]
[Site "Chess.com"]
[Date "2023.09.05"]
[Round "2"]
[White "Gogolev_Artemy"]
[Black "taleslascando"]
[Result "1-0"]
[WhiteElo "2439"]
[BlackElo "1962"]
[TimeControl "180+1"]
[EndTime "8:16:32 PDT"]
[Termination "Gogolev_Artemy won by resignation"]

1. Nf3 Nf6 2. c4 g6 3. g3 Bg7 4. Bg2 O-O 5. d4 d6 6. h3 Nc6 7.
Nc3 a6 8. e4 Rb8 9. O-O b5 10.
cxb5 axb5 11. d5 Ne5 12. Nxe5 dxe5 13. Qc2 e6 14. Rd1 exd5 15. Nxd5 Nxd5 16. Rxd5 Qe7 17.
Be3 c6 18. Bc5 Qb7 19. Bxf8 cxd5 20. Bxg7 Kxg7 21. exd5 Bf5 22. Qc3 f6 23. g4 Rc8 24.
Qg3 Bd7 25. g5 Qb6 26. gxf6+ Qxf6 27. Re1 Rc2 28. Qxe5 Rxb2 29. Qe7+ Qf7 30. Qxf7+ Kxf7 31. d6 Rd2 32. Re7+ Kf6 33. Rxd7 Rxa2 34. Rxh7 1-0

[Event "Early-Titled-Tuesday-Blitz-September-05-2023"]
[Site "Chess.com"]
[Date "2023.09.05"]
[Round "2"]
[White "NLLO777"]
[Black "Sanan_Sjugirov"]
[Result "0-1"]
[WhiteElo "2433"]
[BlackElo "2903"]
[TimeControl "180+1"]
[EndTime "8:16:33 PDT"]
[Termination "Sanan_Sjugirov won by resignation"]

1. d4 Nf6 2. c4 e6 3. Nf3 Bb4+ 4. Bd2 c5 5. Bxb4 cxb4 6. g3 O-O 7. Bg2 d6 8. O-O Nc6 9. a3 bxa3 10. Rxa3 a5 11. Nc3 Qe7 12. e3 Bd7 13. Qd2 Rfc8 14. b3 b6 15. d5 exd5 16. Nxd5 Nxd5 17. Qxd5 Nb4 18. Qg5 Qf8 19. Nd4 Rab8 20. Rd1 Rc5 21. Qf4 d5 22.
cxd5 Nxd5 23. Qf3 Nc3 24. Re1 Rbc8 25. Raa1 h5 26. h3 Qe7 27. Rac1 Be6 28. Qb7 Qxb7 29. Bxb7 R8c7 30. Bf3 Bxh3 31. Kh2 Bg4 32. Bxg4 hxg4 33.
Kg2 g6 34. Rc2 Ne4 35. Rxc5 Rxc5 36. Rd1 Kg7 37. f3 gxf3+ 38. Kxf3 Nf6 39. g4 Rc3 40. Kf4 Nd5+ 41. Ke4 Nxe3 42. Re1 Nxg4 43. Kd5 Nf6+ 44. Kd6 Rd3 45. Ke5 Nd7+ 46. Kd5 Nc5 47. Kc4 Rh3 48. Re7 Rh4 49. Kd5 Rh5+ 50. Kc4 Rh4 51. Kd5 a4 52. bxa4 Nxa4 53. Rb7 Nc3+ 54. Kc4 Ne2 55. Rd7 Rxd4+ 56.
Kb5 Rxd7 0-1

[Event "Early-Titled-Tuesday-Blitz-September-05-2023"]
[Site "Chess.com"]
[Date "2023.09.05"]
[Round "2"]
[White "Cambek64"]
[Black "Heinza9"]
[Result "1-0"]
[WhiteElo "2491"]
[BlackElo "2273"]
[TimeControl "180+1"]
[EndTime "8:16:33 PDT"]
[Termination "Cambek64 won by resignation"]

1. e4 e5 2. Nf3 Nc6 3. Bc4 Nf6 4. d3 d5 5. exd5 Nxd5 6. O-O Nb6 7. Bb3 h6 8. Re1 Bd6 9. h3 O-O 10. a3 a5 11. Nc3 a4 12. Ba2 Kh8 13. d4 exd4 14. Nb5 Ra5 15. Nbxd4 Nxd4 16. Qxd4 Rh5 17. Bf4 Bxf4 18.
Qxf4 Rf5 19. Qd4 Qf6 20. Qxf6 Rxf6 21. Re7 c6 22. Ne5 Nd5 23. Bxd5 cxd5 24. Rd1 Be6 25.
Rxb7 Rc8 26. c3 Rf5 27. Nf3 Rf4 28. Nd4 Re4 29. f3 Re5 30. Kf2 g5 31. Re1 Rxe1 32.
Kxe1 Re8 33. Kd2 h5 34. Rb4 Bd7 35. Nc2 g4 36. hxg4 hxg4 37. fxg4 Rg8 38. Ne3 Be6 39. Rxa4 1-0

[Event "Early-Titled-Tuesday-Blitz-September-05-2023"]
[Site "Chess.com"]
[Date "2023.09.05"]
[Round "2"]
[White "Fandorine"]
[Black "Nf3c5"]
[Result "1-0"]
[WhiteElo "2934"]
[BlackElo "2616"]
[TimeControl "180+1"]
[EndTime "8:16:34 PDT"]
[Termination "Fandorine won on time"]

1. e4 e5 2. Nf3 Nc6 3. Bb5 a6 4. Ba4 d6 5. O-O Bd7 6. c4 Nge7 7. Nc3 Ng6 8. Bxc6 Bxc6 9. d4 Be7 10. Be3 O-O 11. Rc1 Kh8 12. b4 Qc8 13. c5 f5 14.
d5 Bd7 15. a4 fxe4 16. Nxe4 Bg4 17. cxd6 Bxf3 18. gxf3 Qh3 19. Kh1 cxd6 20. Rg1 Rxf3 21. Rc7 Qf5 22. Ng3 Qf8 23. Rxb7 Nh4 24. b5 axb5 25.
axb5 h6 26. b6 Ra2 27. Ra7 Rfxf2 28. Bxf2 Rxf2 29. Rf1 Qf4 30. b7 1-0

[Event "Early-Titled-Tuesday-Blitz-September-05-2023"]
[Site "Chess.com"]
[Date "2023.09.05"]
[Round "2"]
[White "Hamisandwich"]
[Black "leschebaza"]
[Result "1-0"]
[WhiteElo "2654"]
[BlackElo "2412"]
[TimeControl "180+1"]
[EndTime "8:16:34 PDT"]
[Termination "Hamisandwich won by checkmate"]

1. c3 Nf6 2. d4 g6 3. Bg5 Bg7 4.
Nd2 d5 5. e3 O-O 6. Bd3 Nc6 7.
Ngf3 Bg4 8. h3 Bf5 9. Bxf5 gxf5 10. Bxf6 Bxf6 11. Qc2 e6 12. g4 Kh8 13. gxf5 e5 14.
dxe5 Nxe5 15. Nxe5 Bxe5 16. Nf3 Bf6 17. O-O-O c6 18. e4 Qc7 19. Kb1 Qf4 20. Nd2 d4 21. cxd4 Bxd4 22. Nc4 Bg7 23. Rhg1 Rad8 24. Rdf1 b5 25.
Rg4 Qh6 26. Ne3 Qxh3 27. Rfg1 Rg8 28. Qxc6 Qf3 29. Nd5 Qxf2 30. f6 Bh6 31. Rxg8+ Rxg8 32. Rxg8+ Kxg8 33. Qe8+ Bf8 34. Ne7+ Kh8 35. Qxf8# 1-0

[Event "Early-Titled-Tuesday-Blitz-September-05-2023"]
[Site "Chess.com"]
[Date "2023.09.05"]
[Round "2"]
[White "S-Fazulyanov"]
[Black "AsaHoffmann"]
[Result "0-1"]
[WhiteElo "2490"]
[BlackElo "2359"]
[TimeControl "180+1"]
[EndTime "8:16:34 PDT"]
[Termination "AsaHoffmann won by resignation"]

1. e4 d6 2. c3 Nf6 3. f4 c6 4. d3 e5 5. Nf3 Nbd7 6. Be2 Qb6 7.
h3 Nh5 8. fxe5 Ng3 9. Rg1 dxe5 10. d4 Nxe4 11. Bd3 f5 12. Bxe4 fxe4 13. Ng5 Nf6 14.
Be3 h6 15. Qe2 hxg5 16. dxe5 Bc5 17. exf6 Bxe3 18. Rf1 gxf6 19. Rxf6 Ke7 20. Rf1 Be6 21. Na3 Bf4 22. Qxe4 Qxb2 23. Nc2 Qxc3+ 24. Ke2 Qc4+ 0-1

[Event "Early-Titled-Tuesday-Blitz-September-05-2023"]
[Site "Chess.com"]
[Date "2023.09.05"]
[Round "2"]
[White "psychokiller48"]
[Black "UB_TheQueen"]
[Result "1-0"]
[WhiteElo "2706"]
[BlackElo "2084"]
[TimeControl "180+1"]
[EndTime "8:16:36 PDT"]
[Termination "psychokiller48 won by resignation"]

1. d4 Nf6 2. c4 g6 3. Nc3 Bg7 4.
e4 O-O 5. Nf3 d6 6. Be2 e5 7.
O-O Nc6 8. d5 Ne7 9. Nd2 Nd7 10.
b4 f5 11. a4 a5 12. Ba3 axb4 13. Bxb4 b6 14. a5 bxa5 15. Rxa5 Rb8 16. Rb5 Nb6 17.
Ba5 Bd7 18. Rb3 fxe4 19. Ndxe4 Nf5 20. Bxb6 cxb6 21. Bg4 Nd4 22. Bxd7 Qxd7 23. Rb4 Bh6 24. Qd3 Rf4 25. Nb5 Nf5 26. g3 Rg4 27. Nf6+ Kg7 28. Nxd7 Rd8 29. Nxb6 Nh4 30. h3 Rg5 31. c5 Nf5 32. c6 Rh5 33. h4 Rf8 34.
c7 Bf4 35. c8=Q Nxh4 36. gxh4 Rxh4 37. Nxd6 Rg4+ 38. Qxg4 1-0

[Event "Early-Titled-Tuesday-Blitz-September-05-2023"]
[Site "Chess.com"]
[Date "2023.09.05"]
[Round "2"]
[White "Apocalyps999"]
[Black "CristianS27"]
[Result "0-1"]
[WhiteElo "2306"]
[BlackElo "2513"]
[TimeControl "180+1"]
[EndTime "8:16:36 PDT"]
[Termination "CristianS27 won by resignation"]

1. e4 e5 2. Nf3 Nc6 3. Nc3 Nf6 4. a3 g6 5. Nxe5 Nxe5 6. d4 Nc6 7. d5 Bg7 8. dxc6 bxc6 9. Bd3 O-O 10. O-O d5 11.
exd5 cxd5 12. Ne2 Rb8 13. c3 c5 14. Ng3 Re8 15. b4 c4 16. Bc2 Ng4 17. Bb2 Qh4 18. h3 Ne3 19. fxe3 Qxg3 20. Qxd5 Bxh3 21. Qxf7+ Kh8 22.
Qf3 Rxe3 23. Qxg3 Rxg3 24. Kh2 Rxg2+ 25. Kxh3 Rxc2 26. Rab1 Bxc3 27. Rfc1 Rxb2 0-1

[Event "Early-Titled-Tuesday-Blitz-September-05-2023"]
[Site "Chess.com"]
[Date "2023.09.05"]
[Round "2"]
[White "mitrabhaa"]
[Black "tteshan"]
[Result "1-0"]
[WhiteElo "2822"]
[BlackElo "2563"]
[TimeControl "180+1"]
[EndTime "8:16:37 PDT"]
[Termination "mitrabhaa won by resignation"]

1. d4 d5 2. Bf4 Nf6 3. e3 c5 4.
Nf3 Nc6 5. Nbd2 e6 6. c3 Nh5 7.
Be5 f6 8. Bg3 g6 9. Bd3 cxd4 10.
exd4 Bd6 11. Bxd6 Qxd6 12. O-O O-O 13. Re1 e5 14. dxe5 fxe5 15. Nc4 Qf6 16. Ncxe5 Nxe5 17. Rxe5 Bg4 18. Re3 Rae8 19. Be2 Nf4 20. Rxe8 Rxe8 21. Bb5 Rf8 22. Qd4 Nh3+ 23. gxh3 Bxf3 24. Qxf6 Rxf6 25. Re1 Be4 26. Re3 Kf7 27. Bd3 Bxd3 28. Rxd3 Ke6 29. Kg2 Ke5 30. Re3+ Kd6 31. Rf3 Rxf3 32. Kxf3 Ke5 33.
Kg4 Kf6 34. h4 h5+ 35. Kf4 a6 36. a4 a5 37. b3 b6 38. f3 Ke6 39. Kg5 Kf7 40.
f4 Kg7 41. f5 gxf5 42. Kxf5 1-0

[Event "Early-Titled-Tuesday-Blitz-September-05-2023"]
[Site "Chess.com"]
[Date "2023.09.05"]
[Round "2"]
[White "Bugcrusher"]
[Black "Trendle"]
[Result "0-1"]
[WhiteElo "2299"]
[BlackElo "2716"]
[TimeControl "180+1"]
[EndTime "8:16:38 PDT"]
[Termination "Trendle won by resignation"]

1. d4 e6 2. e4 d5 3. e5 c5 4. c3 Nc6 5. Nf3 Qb6 6. Na3 cxd4 7.
cxd4 Bb4+ 8. Bd2 Nge7 9. Bd3 Nxd4 10. Nxd4 Qxd4 11. Qa4+ Nc6 12. Bxb4 Qxd3 13. Bd6 Bd7 14. Rd1 Qg6 15. O-O a6 16. Nb5 Rc8 17. Nc7+ Rxc7 18.
Bxc7 O-O 19. Bd6 Rc8 20. Rc1 h6 21. Qc2 Qg4 22. f3 Qd4+ 23. Qf2 Qa4 24. b3 Qf4 25. g3 Qf5 26. Qe3 d4 27. Qe4 Qxe4 28. fxe4 Rd8 29. Rfd1 Be8 30. Kf2 f6 31. Bc7 Rd7 32. Bb6 fxe5 33. Ke2 Bh5+ 0-1

[Event "Early-Titled-Tuesday-Blitz-September-05-2023"]
[Site "Chess.com"]
[Date "2023.09.05"]
[Round "2"]
[White "maurovargas01"]
[Black "Herzog2012"]
[Result "0-1"]
[WhiteElo "1866"]
[BlackElo "2438"]
[TimeControl "180+1"]
[EndTime "8:16:39 PDT"]
[Termination "Herzog2012 won on time"]

1. e4 c5 2. Nc3 Nc6 3. f4 g6 4.
Nf3 Bg7 5. Bb5 Nd4 6. Nxd4 cxd4 7. Ne2 a6 8. Bc4 d6 9. d3 b5 10. Bd5 Rb8 11. O-O Bb7 12. Bxb7 Rxb7 13. Qe1 Nf6 14. Nxd4 Qb6 15. c3 Ng4 16. Kh1 Bxd4 17. cxd4 Qxd4 18. h3 h5 19. Rf3 Rc7 20. Rb1 Rc2 21. Qf1 Kd7 22.
f5 gxf5 23. exf5 Rg8 24. Rf4 Nf2+ 25. Kh2 Qxd3 26. Rxf2 Rxf2 27. Qxf2 Qxb1 28. Qa7+ Kc6 29. Qxa6+ Kd5 30. Qxb5+ Ke4 0-1

[Event "Early-Titled-Tuesday-Blitz-September-05-2023"]
[Site "Chess.com"]
[Date "2023.09.05"]
[Round "2"]
[White "ChampStan"]
[Black "Roedor"]
[Result "0-1"]
[WhiteElo "2130"]
[BlackElo "2456"]
[TimeControl "180+1"]
[EndTime "8:16:40 PDT"]
[Termination "Roedor won by checkmate"]

1. e4 e5 2. Nf3 Nc6 3. Bc4 Bc5 4.
b4 Bxb4 5. c3 Be7 6. d4 Na5 7.
Nxe5 Nxc4 8. Nxc4 d5 9. exd5 Qxd5 10. Ne3 Qd8 11. O-O Nf6 12. Nd2 O-O 13. Nf3 Nd5 14.
c4 Nxe3 15. fxe3 Bg4 16. h3 Bh5 17. Bb2 Bf6 18. Qe1 Re8 19. Qf2 c5 20. Rae1 Qb6 21. Ba1 cxd4 22. exd4 Rxe1 23. Nxe1 Rd8 24. c5 Qc6 25. Nc2 b6 26. cxb6 axb6 27. Nb4 Qa4 28. Nc2 Qxa2 29. Re1 h6 30. Qd2 Bg6 31. Rc1 Rc8 32.
Bc3 Bxc2 33. Rxc2 Qd5 34. Qe3 Rxc3 35. Rxc3 Bxd4 36. Rc8+ Kh7 37. Kf2 Bxe3+ 38. Kxe3 Qe6+ 39. Kd3 Qxc8 40. Kd4 b5 41. Kd5 b4 42. Kd6 b3 43.
Kd5 b2 44. Ke5 b1=Q 45. Kf4 Qbf5+ 46. Kg3 Qc7+ 47. Kh4 Qcf4+ 48. g4 Qf2# 0-1

[Event "Early-Titled-Tuesday-Blitz-September-05-2023"]
[Site "Chess.com"]
[Date "2023.09.05"]
[Round "2"]
[White "Vanina1989"]
[Black "IMSlavin"]
[Result "1-0"]
[WhiteElo "2710"]
[BlackElo "2159"]
[TimeControl "180+1"]
[EndTime "8:16:41 PDT"]
[Termination "Vanina1989 won by resignation"]

1. d4 Nc6 2. c4 e5 3. d5 Nce7 4. e4 Ng6 5. Nc3 Bc5 6. g3 Nf6 7. Bg2 a6 8. Nge2 O-O 9. O-O d6 10. a3 Bd7 11. b4 Ba7 12. Qd3 Qc8 13. Be3 Bh3 14. Bxa7 Bxg2 15. Kxg2 Rxa7 16. f4 exf4 17. gxf4 Ng4 18. Qg3 f5 19. Nd4 Nh6 20. Ne6 Rf6 21. Rae1 fxe4 22. Nxe4 Rf5 23. Qc3 Qd7 24. Ng3 Nh4+ 25. Kh1 Rf7 26. Nh5 N6f5 27. Rg1 Kh8 28. Nexg7 Nxg7 29. Nxg7 h6 30. Nh5+ Kh7 31. Nf6+ Rxf6 32.
Qxf6 Nf5 33. Re6 Ra8 34. Qxf5+ 1-0

[Event "Early-Titled-Tuesday-Blitz-September-05-2023"]
[Site "Chess.com"]
[Date "2023.09.05"]
[Round "2"]
[White "AndreiITrifan"]
[Black "BlueWizzard"]
[Result "0-1"]
[WhiteElo "2604"]
[BlackElo "2907"]
[TimeControl "180+1"]
[EndTime "8:16:42 PDT"]
[Termination "BlueWizzard won by resignation"]

1. e4 Nc6 2. Nf3 g6 3. d4 Bg7 4. Nc3 d6 5. h3 Nf6 6. Be3 a6 7. Qd2 O-O 8. Bd3 e5 9. d5 Nb4 10. Bh6 c6 11. Bxg7 Kxg7 12. dxc6 bxc6 13. O-O-O d5 14.
Nxe5 d4 15. Ne2 Qa5 16. a3 Na2+ 17. Kb1 Qxe5 18. Kxa2 Be6+ 19. b3 a5 20. Qf4 Qc5 21. e5 Nd5 22. Qxd4 Qe7 23. Nf4 a4 24. Nxe6+ fxe6 25. b4 Rf4 26. Qb2 Rxf2 27. Be4 Qh4 28. Qd4 Qxe4 29. Qxe4 Nc3+ 30. Kb2 Nxe4 31. Rd4 Re2 32.
h4 Rf8 33. h5 gxh5 34. Rxh5 Rff2 35. Rd7+ Kg6 36. Rhxh7 Rxc2+ 0-1

[Event "Early-Titled-Tuesday-Blitz-September-05-2023"]
[Site "Chess.com"]
[Date "2023.09.05"]
[Round "2"]
[White "Andrei_Skvortsov"]
[Black "MrBad74"]
[Result "1-0"]
[WhiteElo "2645"]
[BlackElo "2348"]
[TimeControl "180+1"]
[EndTime "8:16:43 PDT"]
[Termination "Andrei_Skvortsov won by resignation"]

1. e4 e6 2. d4 d5 3. exd5 exd5 4. Nf3 Nf6 5. Bd3 Be7 6. O-O O-O 7. Ne5 c6 8. Nd2 Nbd7 9. Ndf3 Nxe5 10. Nxe5 Be6 11. c3 h6 12. f4 Ne4 13. f5 Bc8 14. Qg4 Nf6 15. Qg3 Kh8 16. a4 c5 17. Be3 c4 18.
Bc2 Bd6 19. Qh3 Kh7 20. g4 Ne4 21. f6 gxf6 22. Bxh6 Rh8 23. Nxf7 Qe8 24. Nxh8 Kxh8 25. Bxe4 dxe4 26. Bf8+ Kg8 27. Bxd6 Qg6 28. Qh5 1-0

[Event "Early-Titled-Tuesday-Blitz-September-05-2023"]
[Site "Chess.com"]
[Date "2023.09.05"]
[Round "2"]
[White "whitemirrorninja"]
[Black "suspiciumchess"]
[Result "1-0"]
[WhiteElo "2498"]
[BlackElo "2262"]
[TimeControl "180+1"]
[EndTime "8:16:45 PDT"]
[Termination "whitemirrorninja won on time"]

1. d4 d5 2. Nc3 Nf6 3. Bf4 a6 4. e3 Bf5 5. Nf3 e6 6. Ne5 h6 7. g4 Bh7 8. h4 Nfd7 9. g5 Nxe5 10. Bxe5 Nd7 11. Bf4 Be7 12. gxh6 gxh6 13. Bxh6 Bg6 14. Bf4 Rxh4 15. Rxh4 Bxh4 16. Qg4 Qf6 17. O-O-O O-O-O 18. Bd3 Bxd3 19. cxd3 Qe7 20. Kb1 Bf6 21. Rc1 Nb6 22.
Bxc7 Qxc7 23. Ne2 Nc4 24. dxc4 dxc4 25. Qf3 Bg7 26. b3 Kb8 27. Rxc4 Qd7 28. Qg3+ Ka8 29.
Qxg7 Qd5 30. Qxf7 Qe4+ 31. Kb2 Rh8 32. Rc2 Rh1 33. Qf8+ Ka7 34. Qc5+ Ka8 35. Qc8+ Ka7 36. Ng3 1-0

[Event "Early-Titled-Tuesday-Blitz-September-05-2023"]
[Site "Chess.com"]
[Date "2023.09.05"]
[Round "2"]
[White "brunoo2003"]
[Black "yuki_chess123"]
[Result "1-0"]
[WhiteElo "2450"]
[BlackElo "2106"]
[TimeControl "180+1"]
[EndTime "8:16:45 PDT"]
[Termination "brunoo2003 won on time"]

1. e4 c5 2. Nf3 Nc6 3. d4 cxd4 4. Nxd4 Nf6 5. Nc3 d6 6. Bc4 Bd7 7. O-O Rc8 8. Bb3 a6 9. f3 g6 10. Be3 Bg7 11. Qd2 O-O 12. a3 Ne5 13. Nd5 Nc4 14. Bxc4 Rxc4 15. c3 Nxd5 16. exd5 Rc5 17. Ne2 Rc8 18.
Rad1 Bb5 19. Rfe1 Bc4 20. Bg5 Bb3 21. Rc1 Re8 22. Nd4 Bxd5 23. Nf5 gxf5 24. Qxd5 Qb6+ 25. Kh1 e6 26. Qd2 d5 27. Be3 Qc7 28. Rcd1 Qe7 29. Bd4 Bxd4 30. Qxd4 Qc5 31. Qd2 Kh8 32. Qf4 Qc7 33. Qh4 Qe7 34. Qd4+ Kg8 35. Rg1 Rc4 36.
Qe5 Qc7 37. Qe3 Qc5 38. Qg5+ Kh8 39. Qf6+ Kg8 40. Qg5+ Kh8 41. Qf6+ Kg8 42. g4 f4 43.
Rd4 Rxd4 44. cxd4 Qc7 45. Re1 Qc2 46. Re5 1-0

[Event "Early-Titled-Tuesday-Blitz-September-05-2023"]
[Site "Chess.com"]
[Date "2023.09.05"]
[Round "2"]
[White "DKmirl"]
[Black "Willychess95"]
[Result "0-1"]
[WhiteElo "2266"]
[BlackElo "2711"]
[TimeControl "180+1"]
[EndTime "8:16:47 PDT"]
[Termination "Willychess95 won on time"]

1. d4 Nf6 2. Nf3 e6 3. g3 b5 4. Bg2 Bb7 5. O-O Be7 6. a4 b4 7. c3 a5 8. b3 bxc3 9. Nxc3 Na6 10. Bf4 O-O 11. Ne5 Bxg2 12. Kxg2 Nb4 13. Nd3 Qc8 14.
Kg1 Qb7 15. Nc5 Qb6 16. Nb5 d6 17. Nd3 Nfd5 18. e4 Nxd3 19. Qxd3 Nxf4 20. gxf4 c6 21. Na3 d5 22. e5 f6 23. Kh1 fxe5 24. fxe5 Rf4 25.
Nc2 Raf8 26. f3 c5 27. Rad1 Rb8 28. Rb1 cxd4 29. Qd2 Rbf8 30. b4 axb4 31. Nxb4 Qc7 32. Nd3 Rxf3 33. Rxf3 Rxf3 34. Rf1 Rxf1+ 35. Kg2 Rf8 0-1

[Event "Early-Titled-Tuesday-Blitz-September-05-2023"]
[Site "Chess.com"]
[Date "2023.09.05"]
[Round "2"]
[White "MarijaKuznecova"]
[Black "santosalberto1987"]
[Result "0-1"]
[WhiteElo "2374"]
[BlackElo "2547"]
[TimeControl "180+1"]
[EndTime "8:16:48 PDT"]
[Termination "santosalberto1987 won on time"]

1. e4 e6 2. d4 d5 3. Nc3 Nf6 4. e5 Nfd7 5. f4 c5 6. Nf3 Nc6 7. Be3 Qb6 8. Na4 Qa5+ 9. c3 b6 10. a3 c4 11. Be2 Ba6 12. b4 cxb3 13. Bxa6 Qxa6 14. Qxb3 Rc8 15. Nd2 Na5 16. Qc2 Nc4 17. Nxc4 Rxc4 18. Nb2 Rc6 19. Kf2 Be7 20. Rhc1 O-O 21.
Kg1 Rfc8 22. f5 Nf8 23. Qf2 exf5 24. Qxf5 Rxc3 25. Rxc3 Rxc3 26. Rf1 f6 27. exf6 Bxf6 28. Qxd5+ Kh8 29. Qf7 Qc8 30. Bg5 Bxd4+ 31. Kh1 Ng6 32. Be7 Rc1 33. Nd1 Bc5 34. Bxc5 Rxc5 35. Ne3 Rc1 36. Nd1 Qd8 0-1

[Event "Early-Titled-Tuesday-Blitz-September-05-2023"]
[Site "Chess.com"]
[Date "2023.09.05"]
[Round "2"]
[White "AquivaRubinstein"]
[Black "campochess"]
[Result "1-0"]
[WhiteElo "2471"]
[BlackElo "2201"]
[TimeControl "180+1"]
[EndTime "8:16:49 PDT"]
[Termination "AquivaRubinstein won by resignation"]

1. d4 Nf6 2. c4 c5 3. d5 b5 4. cxb5 a6 5. b6 d6 6. Nc3 Nbd7 7. e4 Nxb6 8. a4 Bd7 9. a5 Nc8 10. Nf3 Qc7 11. Nd2 e5 12. Nc4 Be7 13. Be2 O-O 14.
O-O Ne8 15. Na4 Bb5 16. Nab6 Bxc4 17. Nxc4 Ra7 18. f4 exf4 19. Bxf4 Bf6 20. Qc2 Ne7 21. Nxd6 Nxd6 22. e5 Bxe5 23. Bxe5 Ng6 24. Bg3 c4 25. b3 Rb7 26. bxc4 Qd8 27. c5 Nb5 28. c6 Ra7 29. Qc5 Re7 30. Bxb5 axb5 31. Bd6 Re2 32. Bxf8 Qg5 33.
Rf2 Rxf2 34. Qxf2 Nxf8 35. c7 Qg4 36. Rc1 1-0

[Event "Early-Titled-Tuesday-Blitz-September-05-2023"]
[Site "Chess.com"]
[Date "2023.09.05"]
[Round "2"]
[White "whiteglovethief"]
[Black "Daniel_Salinas"]
[Result "1-0"]
[WhiteElo "2515"]
[BlackElo "2317"]
[TimeControl "180+1"]
[EndTime "8:16:50 PDT"]
[Termination "whiteglovethief won by resignation"]

1. d4 Nf6 2. c4 e6 3. Nf3 Bb4+ 4.
Bd2 Qe7 5. g3 O-O 6. Bg2 Nc6 7. O-O Bxd2 8. Qxd2 d6 9. Nc3 e5 10.
Nd5 Qd8 11. Rfd1 Bf5 12. dxe5 dxe5 13. Qg5 Be4 14. Nxe5 Bxg2 15. Nxc6 bxc6 16. Nxf6+ Qxf6 17. Qxf6 gxf6 18. Kxg2 Rfd8 19. e3 Kf8 20. Kf3 Ke7 21. Ke2 Ke6 22. Rxd8 Rxd8 23. Rd1 Rb8 24. b3 a5 25. Kd2 a4 26. Kc3 axb3 27. axb3 Ra8 28. Kb2 c5 29. Ra1 Rd8 30. Kc2 Ke5 31. f3 Rb8 32.
Rd1 c6 33. Rd7 Ke6 34. Rc7 Rb6 35. Kc3 Ra6 36. Kb2 Rb6 37. Ra7 Rb8 38. Rc7 Rb6 39.
Rc8 Ra6 40. Rh8 Ra7 41. Rxh7 Rd7 42. Kc2 Ra7 43. Kb2 Rd7 44. Rh5 Rd2+ 45. Ka3 Kd6 46. e4 Rd3 47. Rf5 Ke6 48. h4 Rd1 49. Rxc5 Kd6 50. Rf5 1-0

[Event "Early-Titled-Tuesday-Blitz-September-05-2023"]
[Site "Chess.com"]
[Date "2023.09.05"]
[Round "2"]
[White "UmarovSabir"]
[Black "TERMINATOR_PC"]
[Result "0-1"]
[WhiteElo "2303"]
[BlackElo "2514"]
[TimeControl "180+1"]
[EndTime "8:16:53 PDT"]
[Termination "TERMINATOR_PC won by checkmate"]

1. e4 e5 2. Nf3 Nc6 3. Bc4 Nf6 4.
d3 Bc5 5. a3 a6 6. Nc3 h6 7. Be3 Bxe3 8. fxe3 d6 9. Qe2 O-O 10.
O-O-O Be6 11. h3 Bxc4 12. dxc4 b6 13. g4 Nd7 14. h4 Ne7 15. Nd5 Nxd5 16. exd5 f5 17.
gxf5 Rxf5 18. h5 Qf6 19. Nh4 Rf2 20. Qg4 Nc5 21. Rdg1 e4 22. Kb1 Nd3 23. Qe6+ Qxe6 24. dxe6 Nc5 25. e7 Nd7 26. Ng6 Ne5 27. Rf1 Rxf1+ 28.
Rxf1 Nxg6 29. hxg6 Re8 30. Rf7 h5 31. Kc1 h4 32. Kd2 h3 33. Ke2 h2 34. Rf1 Rxe7 35. Rh1 Re6 36. Rxh2 Rxg6 37. b4 Kf7 38. Kd2 Ke6 39. Rh4 Ke5 40. Rh5+ Ke6 41. Rh4 d5 42. cxd5+ Kxd5 43. Kc3 Rc6+ 44. Kb3 g5 45. Rh8 Rg6 46. c4+ Ke6 47. Rh3 g4 48. Rg3 Kf5 49. Kc3 Rd6 50.
c5 Rd3+ 51. Kc4 b5# 0-1

[Event "Early-Titled-Tuesday-Blitz-September-05-2023"]
[Site "Chess.com"]
[Date "2023.09.05"]
[Round "2"]
[White "Srisshhhtea"]
[Black "fastestmindalive"]
[Result "0-1"]
[WhiteElo "2409"]
[BlackElo "2722"]
[TimeControl "180+1"]
[EndTime "8:16:54 PDT"]
[Termination "fastestmindalive won by resignation"]

1. e4 c5 2. Nf3 e6 3. d4 cxd4 4. Nxd4 Bc5 5. Nb3 Bb6 6. Nc3 Ne7 7. Be2 O-O 8. O-O f5 9. a4 Nbc6 10. Bg5 h6 11. Bf4 fxe4 12. Bd6 e3 13. fxe3 Bxe3+ 14. Kh1 Rxf1+ 15. Qxf1 Nf5 16. Ba3 d5 17. Bd3 d4 18.
Ne4 Ne5 19. Be2 Qh4 20. Nbc5 b6 21. g3 Nxg3+ 22. Nxg3 bxc5 23. Ba6 Bxa6 24. Qxa6 Ng4 25. Qxe6+ Kh8 26. Nf1 Rf8 27. Qd6 Nf2+ 28. Kg1 Ne4+ 0-1

[Event "Early-Titled-Tuesday-Blitz-September-05-2023"]
[Site "Chess.com"]
[Date "2023.09.05"]
[Round "2"]
[White "TC2304"]
[Black "vladgoncharov"]
[Result "0-1"]
[WhiteElo "2358"]
[BlackElo "2534"]
[TimeControl "180+1"]
[EndTime "8:16:54 PDT"]
[Termination "vladgoncharov won by resignation"]

1. c4 Nf6 2. Nc3 c5 3. g3 Nc6 4. Bg2 g6 5. e4 Bg7 6. Nge2 O-O 7. O-O d6 8. d3 Ne8 9. h3 Nc7 10. Be3 Nd4 11. a3 Rb8 12. Rb1 b5 13. cxb5 Ncxb5 14. Nxb5 Nxb5 15. d4 cxd4 16. Nxd4 Bd7 17. Rc1 a5 18. Qd2 Nxd4 19. Bxd4 Bxd4 20. Qxd4 Be6 21. e5 dxe5 22. Qxe5 Qb6 23. h4 Qxb2 24. Qxa5 Rb3 25. Qc7 Qxa3 26. Ra1 Qd6 27. Ra7 Qxc7 28. Rxc7 Re8 29.
Ra1 Kf8 30. Raa7 Rb6 31. Bf3 h5 32. Kg2 Bf5 33. Bd5 Rd6 34. Bf3 f6 35. Rcb7 Re6 36.
Rc7 Re5 37. Rcb7 Rd8 38. Rc7 Rd2 39. Ra8+ Kf7 40. Rca7 Bg4 41. Ra2 Bxf3+ 42. Kxf3 Rf5+ 43. Kg2 Rfxf2+ 0-1